General information
- name: BNet
- type: Ladder team game (AT/RT)
- host: Battle.net
- saver: sc2no.wc4yes
map: MarketSquare
- players: 8
- length: 20:36
- speed: Fast
- version: 1.26 W3XP
- replay type: Public
» download(149 KB)
Players
team 1 (winner)

»
sc2no.wc4yes (
purple | 73 APM | 1510 actions | 20:36)
3 Naga Sea Witch
2 Frost Arrows
1 Forked Lightning
3 Goblin Tinker
2 Pocket Factory
1 Engineering Upgrade
» actions
| Assign group hotkey | 49 | |
| Basic commands | 22 | |
| Build / train | 117 | |
| ESC pressed | 7 | |
| Enter build submenu | 45 | |
| Enter hero's abilities submenu | 6 | |
| Give item / drop item | 2 | |
| Right click | 518 | |
| Select / deselect | 289 | |
| Select group hotkey | 355 | |
| Use ability | 100 | |
1510 total
» units
| Peasant | 26 | |
| Flying Machine | 6 | |
| Siege Engine | 2 | |
34 total
» upgrades
| Masonry | 3 | |
| Lumber Harvesting | 3 | |
| Gunpowder | 2 | |
| Plating | 2 | |
| Flak Cannons | 1 | |
11 total
» buildings
| Lumber Mill | 2 | |
| Scout Tower | 21 | |
| Guard Tower | 26 | |
| Arcane Tower | 5 | |
| Farm | 10 | |
| Altar of Kings | 1 | |
| Town Hall | 1 | |
| Keep | 1 | |
| Castle | 1 | |
| Blacksmith | 1 | |
| Arcane Vault | 2 | |
| Workshop | 3 | |
74 total
» build order
00:10 Lumber Mill
00:59 Scout Tower
01:15 Guard Tower
01:24 Scout Tower
01:39 Arcane Tower
01:39 Arcane Tower
01:43 Scout Tower
01:56 Guard Tower
02:01 Scout Tower
02:09 Lumber Mill
02:16 Farm
02:28 Farm
02:30 Arcane Tower
03:35 Scout Tower
03:43 Scout Tower
03:47 Guard Tower
03:52 Scout Tower
03:55 Altar of Kings
03:57 Scout Tower
04:00 Farm
04:02 Guard Tower
04:03 Scout Tower
04:11 Scout Tower
04:23 Guard Tower
04:29 Arcane Tower
04:40 Guard Tower
04:50 Scout Tower
04:51 Scout Tower
05:11 Guard Tower
05:43 Guard Tower
05:43 Guard Tower
05:47 Scout Tower
06:04 Scout Tower
06:17 Arcane Tower
06:23 Guard Tower
06:23 Guard Tower
06:34 Scout Tower
06:37 Scout Tower
07:03 Guard Tower
07:06 Guard Tower
07:08 Scout Tower
07:09 Scout Tower
07:14 Farm
08:03 Guard Tower
08:05 Scout Tower
08:28 Town Hall
08:40 Keep
08:54 Guard Tower
09:13 Guard Tower
11:16 Castle
11:19 Scout Tower
11:21 Scout Tower
11:31 Blacksmith
12:14 Arcane Vault
12:17 Arcane Vault
12:22 Guard Tower
13:33 Guard Tower
13:36 Guard Tower
13:37 Guard Tower
14:24 Guard Tower
14:40 Workshop
14:44 Workshop
14:47 Workshop
14:52 Farm
15:13 Guard Tower
15:14 Guard Tower
15:15 Guard Tower
16:05 Guard Tower
17:15 Farm
17:15 Farm
17:17 Farm
17:18 Farm
» items
| Lesser Clarity Potion | 2 | |
| Scroll of Speed | 1 | |
| Boots of Speed | 3 | |
| Scroll of Town Portal | 4 | |
| Staff of Teleportation | 1 | |
| Ivory Tower | 15 | |
| Potion of Healing | 1 | |
| Tiny Great Hall | 1 | |
| Healing Salve | 2 | |
| Orb of Lightning | 1 | |
31 total

»
Nightmar3. (
pink | 56 APM | 1144 actions | 20:35)
5 Archmage
3 Blizzard
2 Brilliance Aura
» actions
| Assign group hotkey | 10 | |
| Build / train | 58 | |
| Enter build submenu | 16 | |
| Enter hero's abilities submenu | 5 | |
| Remove unit from queue | 1 | |
| Right click | 789 | |
| Select / deselect | 179 | |
| Select group hotkey | 32 | |
| Use ability | 54 | |
1144 total
» units
» upgrades
» buildings
| Farm | 6 | |
| Altar of Kings | 1 | |
| Barracks | 2 | |
| Arcane Vault | 1 | |
| Blacksmith | 1 | |
| Keep | 1 | |
| Castle | 0 | |
| Lumber Mill | 1 | |
| Gryphon Aviary | 4 | |
17 total
» build order
00:13 Farm
01:01 Altar of Kings
02:43 Farm
02:48 Barracks
02:59 Farm
04:13 Barracks
05:04 Arcane Vault
05:21 Farm
05:32 Farm
07:31 Farm
07:42 Blacksmith
12:27 Keep
15:23 Castle
17:15 Lumber Mill
18:09 Gryphon Aviary
18:10 Gryphon Aviary
18:32 Gryphon Aviary
18:35 Gryphon Aviary
» items
| Scroll of Regeneration | 6 | |
| Lesser Clarity Potion | 1 | |
7 total

»
i-z3_porn (
red | 84 APM | 1724 actions | 20:35)
4 Blademaster
2 Critical Strike
1 Wind Walk
1 Mirror Image
» actions
| Assign group hotkey | 432 | |
| Basic commands | 7 | |
| Build / train | 75 | |
| Enter build submenu | 19 | |
| Enter hero's abilities submenu | 4 | |
| Remove unit from queue | 4 | |
| Right click | 694 | |
| Select / deselect | 192 | |
| Select group hotkey | 216 | |
| Use ability | 81 | |
1724 total
» units
| Peon | 14 | |
| Troll Headhunter/Berserker | 22 | |
| Kodo Beast | 2 | |
| Troll Witch Doctor | 6 | |
| Troll Batrider | 2 | |
46 total
» upgrades
| Armor | 1 | |
| Ranged Weapons | 2 | |
| Witch Doctor Training | 2 | |
| Troll Regeneration | 1 | |
| War Drums Damage Increase | 1 | |
| Berserker Upgrade | 1 | |
| Liquid Fire | 1 | |
9 total
» buildings
| Altar of Storms | 1 | |
| Orc Burrow | 6 | |
| Barracks | 3 | |
| Voodoo Lounge | 2 | |
| War Mill | 1 | |
| Watch Tower | 1 | |
| Stronghold | 1 | |
| Spirit Lodge | 1 | |
| Beastiary | 1 | |
| Fortress | 1 | |
18 total
» build order
00:21 Altar of Storms
00:26 Orc Burrow
00:34 Barracks
01:30 Voodoo Lounge
03:38 War Mill
04:13 Orc Burrow
05:26 Watch Tower
06:33 Barracks
06:48 Barracks
07:03 Stronghold
07:05 Orc Burrow
07:14 Orc Burrow
08:06 Orc Burrow
08:34 Orc Burrow
09:16 Voodoo Lounge
10:16 Spirit Lodge
10:44 Beastiary
11:00 Fortress
» items
| Healing Salve | 2 | |
| Lesser Clarity Potion | 2 | |
| Scroll of Town Portal | 2 | |
| Potion of Healing | 1 | |
7 total

»
GrindingWifFarm (
teal | 42 APM | 870 actions | 20:35)
4 Death Knight
1 Death Coil
2 Unholy Aura
1 Death Pact
» actions
| Assign group hotkey | 9 | |
| Basic commands | 56 | |
| Build / train | 53 | |
| Enter build submenu | 24 | |
| Enter hero's abilities submenu | 4 | |
| Remove unit from queue | 3 | |
| Right click | 359 | |
| Select / deselect | 290 | |
| Select group hotkey | 20 | |
| Use ability | 52 | |
870 total
» units
| Acolyte | 5 | |
| Ghoul | 5 | |
| Crypt Fiend | 9 | |
| Meatwagon | 3 | |
| Necromancer | 7 | |
| Obsidian Statue | 3 | |
32 total
» upgrades
| Creature Attack | 1 | |
| Creature Carapace | 1 | |
| Exhume Corpses | 1 | |
| Necromancer Training | 1 | |
| Web | 1 | |
5 total
» buildings
| Altar of Darkness | 1 | |
| Ziggurat | 7 | |
| Crypt | 1 | |
| Graveyard | 1 | |
| Halls of the Dead | 1 | |
| Tomb of Relics | 1 | |
| Temple of the Damned | 3 | |
| Slaughterhouse | 1 | |
| Black Citadel | 2 | |
18 total
» build order
00:11 Altar of Darkness
00:15 Ziggurat
00:18 Ziggurat
00:26 Crypt
02:22 Graveyard
03:46 Ziggurat
03:48 Ziggurat
03:59 Ziggurat
07:55 Halls of the Dead
08:01 Ziggurat
08:04 Tomb of Relics
10:22 Temple of the Damned
10:33 Temple of the Damned
10:38 Temple of the Damned
10:44 Slaughterhouse
15:14 Ziggurat
18:13 Black Citadel
18:14 Black Citadel
» items
| Healing Salve | 2 | |
| Scroll of Speed | 1 | |
| Scroll of Regeneration | 1 | |
| Scroll of Town Portal | 1 | |
5 total
team 2 (loser)
ServeDaddysDish (
yellow | 40 APM | 706 actions | 17:32)
2 Blademaster
1 Wind Walk
1 Critical Strike
» actions
| Basic commands | 6 | |
| Build / train | 23 | |
| Enter build submenu | 23 | |
| Enter hero's abilities submenu | 2 | |
| Right click | 409 | |
| Select / deselect | 189 | |
| Use ability | 54 | |
706 total
» units
» buildings
| Altar of Storms | 3 | |
| Orc Burrow | 5 | |
| Barracks | 1 | |
| Voodoo Lounge | 3 | |
| Great Hall | 3 | |
| Stronghold | 1 | |
| War Mill | 1 | |
17 total
» build order
00:09 Altar of Storms
00:11 Orc Burrow
00:37 Orc Burrow
02:51 Barracks
02:54 Orc Burrow
03:10 Voodoo Lounge
04:19 Voodoo Lounge
06:35 Altar of Storms
08:36 Voodoo Lounge
08:40 Orc Burrow
11:42 Great Hall
12:32 Great Hall
13:13 Great Hall
16:21 Altar of Storms
16:43 Stronghold
16:46 Orc Burrow
17:00 War Mill
» items

»
rc6000 (
orange | 60 APM | 1228 actions | 20:34)
5 Pit Lord
3 Rain of Fire
2 Cleaving Attack
» actions
| Assign group hotkey | 27 | |
| Build / train | 62 | |
| Enter build submenu | 21 | |
| Enter hero's abilities submenu | 5 | |
| Remove unit from queue | 1 | |
| Right click | 659 | |
| Select / deselect | 295 | |
| Select group hotkey | 82 | |
| Use ability | 76 | |
1228 total
» units
| Peasant | 26 | |
| Footman | 12 | |
| Knight | 2 | |
40 total
» upgrades
» buildings
| Altar of Kings | 1 | |
| Farm | 8 | |
| Blacksmith | 3 | |
| Barracks | 2 | |
| Scout Tower | 1 | |
| Lumber Mill | 1 | |
| Arcane Tower | 1 | |
| Keep | 1 | |
| Arcane Vault | 1 | |
| Castle | 1 | |
| Arcane Sanctum | 1 | |
21 total
» build order
00:19 Altar of Kings
00:21 Farm
00:25 Blacksmith
01:05 Farm
01:21 Barracks
04:26 Farm
05:09 Scout Tower
05:17 Lumber Mill
05:30 Farm
05:31 Farm
06:07 Arcane Tower
08:00 Farm
08:06 Keep
08:58 Farm
09:51 Farm
09:55 Arcane Vault
12:21 Castle
12:51 Barracks
12:57 Arcane Sanctum
13:01 Blacksmith
16:23 Blacksmith
» items
| Healing Salve | 1 | |
| Lesser Clarity Potion | 5 | |
| Scroll of Regeneration | 4 | |
| Orb of Fire | 1 | |
| Potion of Healing | 1 | |
12 total
Nova34 (
green | 35 APM | 651 actions | 18:33)
4 Shadow Hunter
1 Serpent Ward
2 Hex
1 Healing Wave
» actions
| Assign group hotkey | 10 | |
| Build / train | 54 | |
| Enter build submenu | 20 | |
| Enter hero's abilities submenu | 4 | |
| Remove unit from queue | 4 | |
| Right click | 186 | |
| Select / deselect | 177 | |
| Select group hotkey | 140 | |
| Use ability | 56 | |
651 total
» units
| Peon | 12 | |
| Troll Batrider | 4 | |
| Wind Rider | 10 | |
26 total
» upgrades
| Ranged Weapons | 3 | |
| Spiked Barricades | 1 | |
| Armor | 2 | |
| Envenomed Spears | 1 | |
| Liquid Fire | 1 | |
8 total
» buildings
| Altar of Storms | 1 | |
| Orc Burrow | 7 | |
| War Mill | 1 | |
| Voodoo Lounge | 1 | |
| Barracks | 1 | |
| Stronghold | 1 | |
| Watch Tower | 3 | |
| Beastiary | 3 | |
| Fortress | 1 | |
| Spirit Lodge | 1 | |
20 total
» build order
00:07 Altar of Storms
00:10 Orc Burrow
00:17 War Mill
01:26 Voodoo Lounge
03:11 Orc Burrow
03:33 Barracks
04:17 Stronghold
04:36 Orc Burrow
04:40 Orc Burrow
05:48 Watch Tower
06:09 Orc Burrow
06:45 Beastiary
06:49 Beastiary
06:52 Beastiary
08:14 Fortress
11:58 Orc Burrow
12:33 Watch Tower
15:21 Orc Burrow
17:42 Spirit Lodge
18:02 Watch Tower
» items
| Lesser Clarity Potion | 2 | |
| Scroll of Speed | 1 | |
| Scroll of Town Portal | 2 | |
| Potion of Healing | 3 | |
| Potion of Mana | 1 | |
9 total

»
Clank (
blue | 51 APM | 1042 actions | 20:14)
3 Pandaren Brewmaster
2 Breath of Fire
1 Drunken Haze
2 Beastmaster
1 Summon Quilbeast
1 Summon Hawk
» actions
| Assign group hotkey | 25 | |
| Build / train | 57 | |
| Enter build submenu | 13 | |
| Enter hero's abilities submenu | 5 | |
| Remove unit from queue | 3 | |
| Right click | 406 | |
| Select / deselect | 212 | |
| Select group hotkey | 257 | |
| Use ability | 64 | |
1042 total
» units
» upgrades
» buildings
| Altar of Elders | 1 | |
| Moon Well | 5 | |
| Ancient of War | 3 | |
| Hunter's Hall | 1 | |
| Tree of Ages | 2 | |
| Ancient Protector | 3 | |
| Tree of Eternity | 1 | |
| Ancient of Lore | 1 | |
| Ancient of Wonders | 1 | |
18 total
» build order
00:17 Altar of Elders
00:25 Moon Well
01:16 Ancient of War
02:24 Ancient of War
04:50 Moon Well
04:50 Moon Well
05:21 Moon Well
07:12 Hunter's Hall
07:13 Tree of Ages
07:20 Ancient of War
09:09 Ancient Protector
09:12 Ancient Protector
09:16 Ancient Protector
09:45 Tree of Eternity
11:41 Ancient of Lore
11:48 Ancient of Wonders
» items
| Lesser Clarity Potion | 4 | |
| Scroll of Speed | 1 | |
| Healing Salve | 1 | |
| Potion of Healing | 4 | |
| Scroll of Town Portal | 2 | |
| Orb of Lightning | 1 | |
| Scroll of Regeneration | 1 | |
| Potion of Mana | 1 | |
| Ivory Tower | 2 | |
17 total
Chat log
(00:17 / Allies) sc2no.wc4yes: tower flushing
(00:17 / Allies) Nightmar3.: gold wood
(00:26 / Allies) sc2no.wc4yes: ur up against human
(00:27 / Allies) sc2no.wc4yes: lmao
(00:34 / Allies) sc2no.wc4yes: abort
(01:06 / Allies) sc2no.wc4yes: feed me resources
(01:37 / Allies) GrindingWifFarm: fiends/necro's here
(01:47 / Allies) GrindingWifFarm: omw purp
(02:05 / Allies) sc2no.wc4yes: my base is gonna get analed
(02:14 / Allies) GrindingWifFarm: nooo man imma help
(03:35 / Allies) GrindingWifFarm: get hero alter
(03:37 / Allies) GrindingWifFarm: red
(06:21 / Allies) GrindingWifFarm: bm
(06:37 / All) rc6000: DD
(06:41 / All) i-z3_porn: spam noob
(07:22 / Allies) Nightmar3.: why is there antoher one helping orange u have 3 on 2 up there
(08:11 / Allies) Nightmar3.: dont fuckin creep help
(08:45 / Allies) sc2no.wc4yes: everyone help here now
(10:17 / Allies) sc2no.wc4yes: spam towers in ur base
(10:50 / Allies) sc2no.wc4yes: spam towers no sulking pls
(11:32 / All) GrindingWifFarm: ARE U FUCKING KIDDING ME
(12:01 / Allies) i-z3_porn: gold?
(12:21 / Allies) GrindingWifFarm: dont even have enough for myself
(12:22 / Allies) GrindingWifFarm: :p
(12:45 / Allies) sc2no.wc4yes: anyoen got spare wood?
(13:53 / Allies) Nightmar3.: SUX UR ALLIES KEEP SAVING YU
(13:57 / Allies) sc2no.wc4yes: anyone have 1100 wood?
(13:59 / Allies) sc2no.wc4yes: can i get some wood?
(14:02 / Allies) sc2no.wc4yes: anyone have 1100?
(14:17 / Allies) Nightmar3.: CANNOT BELIEV WE LOSE
(14:25 / Allies) i-z3_porn: destr ur shop
(14:34 / Allies) sc2no.wc4yes: we dont, even tho ur sulking hard and trying to
(14:52 / Allies) Nightmar3.: IM FIGHTING 3 ON ONE ALL GAME CARRYONG U GUYS
(15:07 / Allies) GrindingWifFarm: true^
(15:16 / Allies) Nightmar3.: LOOK AT THIS RETARD HASNT MADE ONE UNINT
(15:33 / Allies) GrindingWifFarm: he got kodos
(16:41 / Allies) sc2no.wc4yes: how are you gonna thrwo the game with 9 towers in your base sulk baby?
(16:45 / Allies) sc2no.wc4yes: i bet even u will find that difficult
(17:08 / Allies) i-z3_porn: aa?
(19:01 / All) sc2no.wc4yes: dream on noob
(19:02 / All) sc2no.wc4yes: u lost
(19:04 / All) sc2no.wc4yes: go play dota
(19:05 / Allies) i-z3_porn: teal come
(19:07 / All) sc2no.wc4yes: where u get to focus heros
(19:08 / All) sc2no.wc4yes: and ignore units
(19:17 / All) Clank: you're noob
(19:21 / All) sc2no.wc4yes: 1v1?
(19:26 / All) Clank: any day.
(19:30 / All) sc2no.wc4yes: host it after this
(19:32 / All) sc2no.wc4yes: also leave now you lost
(19:37 / All) Clank: I can't
(19:42 / All) sc2no.wc4yes: ok ill host it
(19:42 / All) Clank: You host.
(19:45 / All) sc2no.wc4yes: as soon as the last one of u nubs leaves
(19:48 / All) sc2no.wc4yes: game name "clank sucks"
(20:14 / All) sc2no.wc4yes: you wont come and it will be my 100th no rt noob no show
(20:24 / All) rc6000: GG
(20:28 / All) rc6000: hell of a tower rush
(20:30 / All) sc2no.wc4yes: gg